 Dungeon Crawl Stone Soup version 0.21.0 (webtiles) character file.

194 Fuzzwah the Chopper (level 5, -1/47 HPs)
             Began as a Minotaur Berserker on Jan 8, 2018.
             Was a Believer of Trog.
             Killed by divine providence
             ... invoked by an orc priest
              (15 damage)
             ... on level 3 of the Dungeon.
             The game lasted 00:05:35 (2078 turns).

Fuzzwah the Chopper (Minotaur Berserker)            Turns: 2078, Time: 00:05:35

Health: -1/47      AC:  5    Str: 22    XL:     5   Next: 44%
Magic:  4/4        EV: 11    Int:  4    God:    Trog [**....]
Gold:   128        SH:  0    Dex: 10    Spells: 4/4 levels left

rFire    . . .     SeeInvis .   e - +0 spear (pierce)
rCold    . . .     Gourm    .   (no shield)
rNeg     . . .     Faith    +   l - +0 ring mail
rPois    .         Spirit   .   (helmet restricted)
rElec    .         Reflect  .   (no cloak)
rCorr    .         Harm     .   (no gloves)
MR       +....     Rnd*Tele +   (no boots)
Stlth    +.........             j - amulet of faith
HPRegen  0.15/turn              k - ring of protection from magic
MPRegen  0.09/turn              f - ring of teleportation (curse)

@: no status effects
A: retaliatory headbutt, horns 2
a: Berserk, Trog's Hand, Burn Spellbooks, Renounce Religion


You were on level 3 of the Dungeon.
You worshipped Trog.
Trog was pleased with you.
You were not hungry.

You visited 1 branch of the dungeon, and saw 3 of its levels.

You collected 128 gold pieces.

Inventory:

Hand Weapons
 a - a +0 hand axe
 e - a +0 spear of piercing (weapon)
Armour
 b - a +0 animal skin
 l - a +0 ring mail (worn)
Jewellery
 f - a cursed ring of teleportation (right hand)
 j - an amulet of faith (around neck)
 k - a ring of protection from magic (left hand)
Scrolls
 d - a scroll of blinking {unknown}
 g - a scroll of random uselessness {unknown}
 h - 2 scrolls of amnesia {unknown}
 p - 2 scrolls of immolation {unknown}
 s - a scroll of remove curse {unknown}
Potions
 i - a potion of mutation {unknown}
 n - a potion of heal wounds {unknown}
 o - a potion of curing
 q - a potion of brilliance {unknown}
 r - a potion of might {unknown}
Comestibles
 c - 2 rations
 m - 4 chunks of flesh


   Skills:
 + Level 4.6 Fighting
 * Level 5.4(5.7) Axes
 + Level 2.6(4.4) Polearms
 + Level 2.8 Armour
 + Level 2.8 Dodging
 + Level 0.8 Stealth


You had 4 spell levels left.
You didn't know any spells.

Dungeon Overview and Level Annotations

Branches:
Dungeon (3/15)

Altars:
Gozag


Innate Abilities, Weirdness & Mutations

You reflexively headbutt those who attack you in melee.
You have a pair of horns on your head.


Message History

The orc priest invokes the aid of Beogh against you.
Beogh smites you!
* * * LOW HITPOINT WARNING * * *
The orc hits you but does no damage. The orc hits you with a flail.
* * * LOW HITPOINT WARNING * * *
Unknown command.
Okay, then.
You feel sick. The orc closely misses you. You furiously retaliate!
You headbutt the orc!
You kill the orc!
Trog accepts your kill.
The orc priest casts a cantrip, but nothing happens.
You feel better. The goblin barely misses you. You furiously retaliate!
You headbutt the goblin!
You kill the goblin!
Trog accepts your kill. The orc closely misses you.
The orc priest invokes the aid of Beogh against you.
Beogh smites you!
You die...

####. ...... #.# ..... ......
#.# ..... ...... #.# .....
.....# ##.## ....# ###....
... ..... ......>
#.########### ....#
......w###.##........# ....#
#.....o.o.@...†......# .....
.......#o..##).......# .....
........o#.##........# .....
#....#...#.###.########
......####.##...............#
...... # #..#.#..........#
.#...... ...#.####.......#
.#.....# ....##.# ##..#####
.......# ...# #..##


You could see an orc priest, a dart slug and 3 orcs.

Vanquished Creatures
  A bullfrog (D:3)
  8 adders
  2 worms
  A leopard gecko (D:3)
  2 orcs (D:3)
  3 bats
  A giant cockroach (D:1)
  10 goblins
  6 hobgoblins
  4 jackals (D:3)
  4 kobolds
  A quokka (D:2)
  A frilled lizard (D:2)
  5 rats
49 creatures vanquished.

Notes
Turn   | Place    | Note
-------+----------+-------------------------------------------
     0 | D:1      | Fuzzwah the Minotaur Berserker began the quest for the Orb.
     0 | D:1      | Reached XP level 1. HP: 19/19 MP: 0/0
   245 | D:1      | Reached skill level 4 in Axes
   246 | D:1      | Reached XP level 2. HP: 25/27 MP: 1/1
  1029 | D:2      | Reached XP level 3. HP: 33/33 MP: 2/2
  1041 | D:2      | Reached ** piety under Trog
  1270 | D:2      | Found an opulent altar of Gozag.
  1494 | D:2      | Found a faded altar of an unknown god.
  1499 | D:2      | Reached skill level 1 in Polearms
  1740 | D:2      | Reached XP level 4. HP: 27/40 MP: 3/3
  1816 | D:3      | Reached skill level 5 in Axes
  1852 | D:3      | Noticed a bullfrog
  1863 | D:3      | Killed a bullfrog
  1863 | D:3      | Reached XP level 5. HP: 24/47 MP: 4/4
  2078 | D:3      | Killed from afar by an orc priest

Skill      XL: |  1  2  3  4 |
---------------+-------------+-----
Axes           | 4 5 |  5.4
Fighting       | 4 |  4.6
Polearms       | 1 2 |  2.6
Armour         | |  2.8
Dodging        | |  2.8
Stealth        | |  0.8

Action                   |  1- 3 |  4- 6 || total
-------------------------+-------+-------++-------
Melee: Spear             |    64 |    48 ||   112
       Headbutt          |     1 |     7 ||     8
  Use: Potion            |     1 |     1 ||     2
  Eat: Ration            |     1 |       ||     1
Armor: Animal skin       |     7 |       ||     7
       Ring mail         |       |    18 ||    18
Dodge: Dodged            |    33 |    26 ||    59
